Cogmind - Beta 11.1 *** ADVENTURER MODE // 2022.04.26 @ 23:23:42 Player: Fgdfgfthgr Result: Self-destructed Performance ------------- Evolutions (1) 500 Regions Visited (3) 600 Robots Destroyed (12) 60 Value Destroyed (244) 244 Prototype IDs (0) 0 Alien Tech Used (0) 0 Bonus (0) 0 TOTAL SCORE: 1404 Bonus ------- None Cogmind --------- Core Integrity 400/400 Matter 300/300 Energy 125/125 System Corruption 0% Temperature Cool (0) Movement Walking (120) Location -9/Materials Parts ------- > --- POWER (1) -------- Light Ion Engine > --- PROPULSION (2) --- Aluminum Leg Aluminum Leg > --- UTILITY (4) ------ Cooling System Small Storage Unit > --- WEAPON (2) ------- Medium Laser Small Laser > --- INVENTORY (8) ---- Ion Engine Light Ion Engine Aluminum Leg Wheel Compact Wheel Cooling System Light Assault Rifle Rocket Launcher Peak State ------------ > --- POWER ------------ Light Ion Engine > --- PROPULSION ------- Aluminum Leg Aluminum Leg > --- UTILITY ---------- Cooling System Small Storage Unit > --- WEAPON ----------- EM Pulse Gun Medium Laser > --- INVENTORY -------- Ion Engine Light Treads Light Treads Wheel Compact Wheel Cooling System Small Laser Rocket Launcher [Rating: 9] Favorites ----------- Power Light Ion Engine Engine Light Ion Engine Propulsion Aluminum Leg Leg Aluminum Leg Utility Small Storage Unit Device Cooling System Storage Small Storage Unit Weapon Medium Laser Energy Gun Medium Laser Launcher Rocket Launcher Build | -11 -10 -10 -9 ------- Run | Scr Mat Min Mat Slots Evolved 2 | . . . 2 Power . | . . . . Propulsion . | . . . . Utility 2 | . . . 2 Weapon . | . . . . Parts Attached 4 | . 3 1 . Power . | . . . . Engine . | . . . . Core . | . . . . Reactor . | . . . . Propulsion . | . . . . Treads . | . . . . Leg . | . . . . Wheel . | . . . . Hover . | . . . . Flight . | . . . . Utility 1 | . 1 . . Device 1 | . 1 . . Storage . | . . . . Processor . | . . . . Hackware . | . . . . Protection . | . . . . Artifact . | . . . . Weapon 3 | . 2 1 . Energy Gun 2 | . 1 1 . Energy Cannon . | . . . . Ballistic Gun . | . . . . Ballistic Cannon . | . . . . Launcher 1 | . 1 . . Special Weapon . | . . . . Impact Weapon . | . . . . Slashing Weapon . | . . . . Piercing Weapon . | . . . . Special Melee Weapon . | . . . . Unidentified Prototypes . | . . . . Parts Lost 1 | . . 1 . Power . | . . . . Propulsion . | . . . . Utility . | . . . . Weapon 1 | . . 1 . Highest Loss Streak 1 | . . 1 . To Critical Strikes . | . . . . Average Slot Usage (%) 97 | . 99 98 77 Engine 13 | . 14 14 11 Leg 27 | . 28 28 22 Device 13 | . 13 14 11 Storage 13 | . 14 14 11 Energy Gun 25 | . 25 26 22 Launcher 1 | . 2 . . Naked Turns . | . . . . Heaviest Build 16 | 12 16 13 13 Greatest Support 20 | 20 20 20 20 Greatest Overweight (x) . | . . . . Average Overweight (x) . | . . . . Largest Inventory Capacity 8 | . 8 8 8 Average Capacity 8 | . 8 8 8 Most Carried 8 | . 8 8 8 Average Carried 7 | . 7 7 8 Final Capacity 8 | 8 8 8 8 Final Carried 8 | 6 8 8 8 Class Distribution -------------------- 100% | Mutant Dominant Class ---------------- Mutant | -10/Materials Mutant | -10/Mines Mutant | -9/Materials Resources | -11 -10 -10 -9 ----------- Run | Scr Mat Min Mat Matter Collected 257 | 200 25 32 . Remotely . | . . . . Salvage Created 307 | . 155 152 . Parts 15 | . 11 4 . Haulers Intercepted . | . . . . Recyclers Shooed . | . . . . Parts Field Recycled . | . . . . Retrieved Matter . | . . . . Parts Self-Destructed . | . . . . Prevented . | . . . . Kills | -11 -10 -10 -9 ------- Run | Scr Mat Min Mat Combat Hostiles Destroyed 11 | . 6 5 . Guns 8 | . 3 5 . AOE 3 | . 3 . . Classes Destroyed 3 | . 3 . . Worker 1 | . 1 . . Swarmer 6 | . 3 3 . Grunt 5 | . 3 2 . Best Kill Streak 3 | . 3 3 . Combat Bots Only 3 | . 3 3 . Max Kills in Single Turn 2 | . 2 1 . Gunslinging . | . . . . Exploded 2 | . 2 . . Melee . | . . . . Uniques/NPCs Destroyed . | . . . . Combat | -11 -10 -10 -9 -------- Run | Scr Mat Min Mat Damage Taken 294 | . 143 151 . Core 63 | . 12 51 . Absorbed by Shields . | . . . . Core Remaining (%) 87 | 100 . 74 . Volleys Fired 30 | . 11 18 1 Largest 2 | . 2 2 2 Hottest 90 | . 90 90 90 Shots Fired 60 | . 22 36 2 Gun 58 | . 20 36 2 Cannon . | . . . . Launcher 2 | . 2 . . Special . | . . . . Kinetic . | . . . . Thermal 48 | . 11 35 2 Explosive 2 | . 2 . . Electromagnetic 10 | . 9 1 . Robot Hit Streak 21 | . 6 21 1 Robot Miss Streak 3 | . 3 2 1 Penetration Max . | . . . . Secondary Targets 2 | . 1 1 . Max Gunslinging Chain 1 | . 1 1 . Shots Hit Robots 44 | . 14 29 1 Core Hits 20 | . 11 9 . Critical Kills . | . . . . Critical Parts Destroyed . | . . . . Critical Strikes 2 | . 1 1 . Burn 2 | . 1 1 . Melee Attacks . | . . . . Impact . | . . . . Slashing . | . . . . Piercing . | . . . . Sneak Attacks . | . . . . Combat Hostiles . | . . . . Follow-up Attacks . | . . . . Damage Inflicted 693 | . 336 346 11 Guns 520 | . 163 346 11 Cannons . | . . . . Explosions 173 | . 173 . . Melee . | . . . . Ramming . | . . . . Kinetic . | . . . . Thermal 420 | . 63 346 11 Explosive 173 | . 173 . . Electromagnetic 100 | . 100 . . Impact . | . . . . Slashing . | . . . . Piercing . | . . . . Highest Corruption . | . . . . Average Corruption . | . . . . Corruption Purged . | . . . . Corruption Blocked . | . . . . Overload Shots . | . . . . Overflow Damage . | . . . . Projectiles . | . . . . Explosions . | . . . . Melee . | . . . . Knockbacks . | . . . . Impact . | . . . . Kinetic . | . . . . Secondary . | . . . . Self-Inflicted Damage . | . . . . Shots . | . . . . Rammed . | . . . . Targets Rammed . | . . . . Kicked . | . . . . Crushed . | . . . . Highest Temperature 3 | . . 3 . Average Temperature 3 | . . 3 . Received Heat Transfer 144 | . 54 90 . Siege Activations . | . . . . Robots Corrupted . | . . . . Combat Hostiles . | . . . . Parts Fried . | . . . . Impact Corruptions . | . . . . Robots Melted . | . . . . Combat Hostiles . | . . . . Parts Melted 5 | . . 5 . Heat Transferred 1275 | . 259 991 25 Parts Sabotaged . | . . . . Parts Stolen . | . . . . Parts Stripped . | . . . . Power Chain Reactions . | . . . . Missiles Intercepted . | . . . . Alert | -11 -10 -10 -9 ------- Run | Scr Mat Min Mat Peak Influence 194 | . 194 173 72 Initial 63 | . . 63 57 Average 100 | . 83 127 60 Maximum Alert Level . | . . . . Low Security (%) 100 | . 100 100 100 Level 1 . | . . . . Level 2 . | . . . . Level 3 . | . . . . Level 4 . | . . . . Level 5 . | . . . . High Security . | . . . . Max Security . | . . . . Squads Dispatched 3 | . 2 . 1 Investigation 2 | . 2 . . Extermination . | . . . . Reinforcement 1 | . . . 1 Assault . | . . . . Garrison . | . . . . Intercept . | . . . . Searches Triggered . | . . . . Construction Impeded . | . . . . Haulers Reinforced . | . . . . Active Scanning Responses . | . . . . Cargo Convoy Interrupts . | . . . . Stealth | -11 -10 -10 -9 --------- Run | Scr Mat Min Mat Distress Signals 1 | . 1 . . Communications Jammed . | . . . . Distress Signals . | . . . . Times Spotted 14 | . 8 5 1 Peak Tracking Total 4 | . 4 2 . Tactical Retreats . | . . . . Traps | -11 -10 -10 -9 ------- Run | Scr Mat Min Mat Traps Triggered 2 | . 2 . . Indirectly . | . . . . Trap Hack Attempts . | . . . . Triggered . | . . . . Disarmed . | . . . . Reprogrammed . | . . . . Reused . | . . . . Traps Extracted . | . . . . Installed . | . . . . Triggered . | . . . . Machines | -11 -10 -10 -9 ---------- Run | Scr Mat Min Mat Machines Disabled . | . . . . Max in Single Turn . | . . . . Machines Sabotaged . | . . . . Garrisons Compromised . | . . . . Overloaded Fab Kills . | . . . . Hacking | -11 -10 -10 -9 --------- Run | Scr Mat Min Mat Machines Accessed 1 | . 1 . . Terminals 1 | . 1 . . Fabricators . | . . . . Repair Stations . | . . . . Recycling Units . | . . . . Scanalyzers . | . . . . Garrison Access . | . . . . Total Hacks 2 | . 2 . . Successful 2 | . 2 . . Failed . | . . . . Catastrophic . | . . . . Database Lockouts . | . . . . Manual 1 | . 1 . . Terminals 2 | . 2 . . Fabricators . | . . . . Repair Stations . | . . . . Recycling Units . | . . . . Scanalyzers . | . . . . Garrison Access . | . . . . Terminal Hacks 2 | . 2 . . Record 1 | . 1 . . Branch Access Points 1 | . 1 . . Fabricator Hacks . | . . . . Repair Station Hacks . | . . . . Recycling Unit Hacks . | . . . . Scanalyzer . | . . . . Garrison Access Hacks . | . . . . Unauthorized Hacks . | . . . . Terminals . | . . . . Fabricators . | . . . . Repair Stations . | . . . . Recycling Units . | . . . . Scanalyzers . | . . . . Garrison Access . | . . . . Data Cores Recovered . | . . . . Used . | . . . . Hacking Detections 1 | . 1 . . Full Trace Events . | . . . . Feedback Events . | . . . . Feedback Blocked . | . . . . Robot Schematics Acquired . | . . . . Robots Built . | . . . . Authchips . | . . . . Time . | . . . . Total Robot Build Rating . | . . . . Part Schematics Acquired . | . . . . Parts Built . | . . . . Authchips . | . . . . Time . | . . . . Total Part Build Rating . | . . . . Parts Repaired . | . . . . Time . | . . . . Parts Recycled . | . . . . Recycled Matter . | . . . . Retrieved Matter . | . . . . Retrieved Components . | . . . . Parts Scanalyzed . | . . . . Part Schematics Acquired . | . . . . Parts Damaged . | . . . . Bothacking | -11 -10 -10 -9 ------------ Run | Scr Mat Min Mat Used RIF Installer . | . . . . Robots Hacked . | . . . . Non-combat . | . . . . Combat . | . . . . Robot Hacks Applied . | . . . . Relay Couplers Released . | . . . . Fabnet Peak Effective % . | . . . . Robots Rewired . | . . . . Allies Hacked . | . . . . Hacks Repelled . | . . . . Allies | -11 -10 -10 -9 -------- Run | Scr Mat Min Mat Total Allies . | . . . . Largest Group . | . . . . Highest-Rated Group . | . . . . Highest-Rated Ally . | . . . . Total Orders . | . . . . Ally Attacks . | . . . . Total Damage . | . . . . Kills . | . . . . Allies Corrupted . | . . . . Allies Melted . | . . . . Intel | -11 -10 -10 -9 ------- Run | Scr Mat Min Mat Robot Analysis Total . | . . . . Derelict Logs Recovered . | . . . . Drone Launches . | . . . . Drone Recoveries . | . . . . Exploration | -11 -10 -10 -9 ------------- Run | Scr Mat Min Mat Turns Passed 293 | . 156 120 17 Spaces Moved 160 | 1 98 50 11 Core . | . . . . Treads . | . . . . Legs 160 | 1 98 50 11 Wheels . | . . . . Hover . | . . . . Flight . | . . . . Fastest Speed 120 | 120 120 120 120 Average Speed 120 | 120 120 120 120 Slowest Speed 120 | 120 120 120 120 Overloaded Moves . | . . . . Propulsion Burnouts . | . . . . Robots Hopped . | . . . . Cave-ins Triggered . | . . . . Exploration Rate (%) 13 | 2 34 13 4 Regions Visited 3 Branch Regions 1 Pre-discovered Areas . | . . . . Known Exits Taken 1 | . 1 . . Unknown Exits Taken 2 | 1 . 1 . Scrap Searched . | . . . . Spaces Dug . | . . . . Terrain Destroyed 11 | . 11 . . Melee . | . . . . Projectile . | . . . . AOE 11 | . 11 . . Terrain Rammed . | . . . . Walls Destroyed . | . . . . Machines Disabled . | . . . . Actions | -11 -10 -10 -9 --------- Run | Scr Mat Min Mat Total 200 | . 113 75 12 Wait 2 | . . 2 . Move 157 | . 97 49 11 Hop . | . . . . Pick Up 5 | . 2 3 . Fast Attach 1 | . 1 . . Attach 1 | . . 1 . Detach . | . . . . Swap 2 | . 2 . . Drop 2 | . . 2 . Fire 30 | . 11 18 1 Melee . | . . . . Ram . | . . . . Kick . | . . . . Crush . | . . . . Escape Stasis . | . . . . Rewire . | . . . . Trap . | . . . . Miscellaneous . | . . . . Route ------- -11/Scrapyard -10/Materials (discovered 2 exits: *Min x2) -10/Mines (discovered 2 exits: [*Mat] / [*Exi]) -9/Materials History --------- Turn | Location | Event 1 | -11/Scrapyard | Discovered new exit (range 0) 1 | -11/Scrapyard | Entered Materials 92 | -10/Materials | Identified exit to Mines 157 | -10/Materials | Entered Mines 254 | -10/Mines | Deemed a non-threat by the Exiles lab entrance 254 | -10/Mines | Discovered new exit (range 5) 268 | -10/Mines | Discovered new exit (range 7) 277 | -10/Mines | Entered Materials 277 | -9/Materials | Evolved 2 slots: Utility x2 294 | -9/Materials | Self-destructed Last Messages --------------- 00230_ Lgt. Assault Rifle melted. 00230_ S-10 Pest destroyed. 00233_ K-01 Serf collects debris. 00235_ Dropped Lgt. Treads. 00236_ Acquired Lgt. Assault Rifle. 00237_ K-01 Serf collects debris. 00240_ Acquired Lgt. Ion Engine. 00254_ "No threat detected, you may enter." 00254_ EXIT=FOUND PARAMETERS=UTILITY+2 LOCATION=UNKNOWN GOAL=ESCAPE 00286_ K-01 Serf collects debris. 00290_ O-16 Technician: "IFF HANDSHAKE FAILED. SECURING TERMINAL." 00291_ O-16 Technician uses terminal to summon reinforcements. 00291_ ALERT: Hostiles spotted, dispatching reinforcements to Terminal M005. 00291_ O-16 Technician locks terminal. 00292_ K-01 Serf collects debris. [Achievement: Back For More] Map ----- +----------------------------------------------------+ | | | | | | | | | | | | | | | | | ?????????????????????????????????????????????????? | | ?????????????????????????????????????????????????? | | ?????????????????????????????????????????????????? | | ?????????????????????????????????????????????????? | | ?????????????????????????#####???????????????????? | | ?????????????????????????# #???????????????????? | | ?????????????????????????# #???????????????????? | | ?????????????????????????# #???????????????????? | | ?????????????????????????# #???????????????????? | | ?????????????????????????# #???????????????????? | | ?????????????????????????# #???????????????????? | | ?????????????????????????# #???????????????????? | | ?????????????????????????# #???????????????????? | | ???????????????#########?# #???????????????????? | | ???????????????# T?# #???????????????????? | | ???????????????# o # #???????????????????? | | ???????????????# # #???????????????????? | | ???????????????# @ #???????????????????? | | ???????????????# # #???????????????????? | | ???????????????# """ """ # #???????????????????? | | ???????????????? """ """?# #???????????????????? | | ?????????????????""" """?# #???????????????????? | | ??????????????????#####??# +???????????????????? | | ?????????????????????????# # ??????????????????? | | ?????????????????????????# ###?????????????????? | | ?????????????????????????# #???????????????????? | | ????????????????????????? ???????????????????? | | ????????????????????????? ???????????????????? | | ????????????????????????? ???????????????????? | | ????????????????????????? ???????????????????? | | ????????????????????????? ??????????????????? | | ?????????????????????????? ????????????????????? | | ?????????????????????????????????????????????????? | | ?????????????????????????????????????????????????? | | ?????????????????????????????????????????????????? | | ?????????????????????????????????????????????????? | | ?????????????????????????????????????????????????? | | ?????????????????????????????????????????????????? | | ?????????????????????????????????????????????????? | | ?????????????????????????????????????????????????? | | ?????????????????????????????????????????????????? | | ?????????????????????????????????????????????????? | +----------------------------------------------------+ Best States ------------- Heat Dissipation 50 Energy Generation 10 Energy Capacity 125 Matter Stores 300 Matter Capacity 300 Sight Range 16 Terrain Scan Density 10 Resistance: KI 20 Resistance: TH 20 Resistance: EX 20 Resistance: EM 20 Resistance: I 20 Resistance: S 20 Resistance: P 20 Evasion (%) 55 Offensive Hacking 10 Item Schematics ----------------- None Robot Schematics ------------------ None Fabricated ------------ Nothing Alien Tech Used ----------------- None Achievements -------------- Back For More Challenges ------------ None Game ------ Seed HeavyFissionFalx Manual? 0 Play Time 00:02:07 Cumulative 116.5 hours Start 2022.04.26 @ 23:21:43 End 2022.04.26 @ 23:23:42 Sessions 1 Manual Loads 0 Difficulty Adventurer Special Mode None Game No. 50 Rogue 0 Adventurer 50 Explorer 0 Win Type - Total 9 Types 5/1/0/0/1/0/0/1/1 Lore% 82 Gallery% 73 Achievement% 67 Wizard Run 0 Options --------- ASCII 0 Keyboard 1 Movement Numpad Keybinds 0 Fullscreen 2 Font 18/SmallcapsGlow Map View 76x50 Tactical HUD 1 Map Filters NONE Filters NONE Steam X RUN: a9cca53d-9e4e-4821-9646-065ec717639b